Match 46743054
Unlisted

Match 46743054
End
Construct Section Command Post
Dingo Light Scout Car
Infantry Section
Infantry Section
Infantry Section
Construct Field Infirmary
Infantry Section
Construct Platoon Command Post
Selects Heavy Armor Battlegroup
Selects Light Vehicle Withdraw and Refit
Selects Rigorous Vehicle Training
Light Vehicle Withdraw and Refit
Grenade Package
6-pounder Anti-tank Gun Team
Unlock Bishop Self-propelled Artillery
Selects Forward Repair Assembly
Bishop Self-propelled Artillery
Vickers Machine Gun Team
Infantry Section
Infantry Training
6-pounder Anti-tank Gun Team
Bishop Self-propelled Artillery
Light Vehicle Training
6-pounder Anti-tank Gun Team
Selects Churchill Black Prince Heavy Tank
Churchill Black Prince Heavy Tank
Selects Radio Net
Construct Company Command Post
Selects Designate Targets
Crusader II Medium Tank
Crusader II Medium Tank
Matilda II Heavy Tank
Designate Targets
Royal Engineer Section
Churchill Black Prince Heavy Tank
Matilda II Heavy Tank
6-pounder Anti-tank Gun Team
Stana
aSIIDemolitionHammer
BamboneWertherone ITA
Capibimbambombolilalone ITA
0
0

Comments sign in to comment!

No comments posted yet!